 Dungeon Crawl Stone Soup version 0.25-a0-479-g8579842fd4 (webtiles) character file.

Game seed: 12681689659958468242, levelgen mode: deterministic

179 Error4North the Chopper (level 5, 0/46 HPs)
             Began as a Hill Orc Fighter on Feb 9, 2020.
             Slain by an iguana (4 damage)
             ... on level 4 of the Dungeon.
             The game lasted 00:06:59 (2309 turns).

Error4North the Chopper (Hill Orc Fighter)          Turns: 2309, Time: 00:07:00

Health: 0/46       AC:  9    Str: 25    XL:     5   Next: 59%
Magic:  6/6        EV:  6    Int:  8    God:
Gold:   140        SH:  0    Dex: 10    Spells: 4/4 levels left

rFire    . . .     SeeInvis .   a - +0 war axe
rCold    . . .     Gourm    .   c - +0 shield
rNeg     . . .     Faith    .   l - +0 chain mail
rPois    .         Spirit   .   (no helmet)
rElec    .         Reflect  .   (no cloak)
rCorr    .         Harm     .   (no gloves)
MR       .....                  (no boots)
Stlth    ..........             (no amulet)
HPRegen  0.15/turn              q - ring of flight
MPRegen  0.10/turn              (no ring)

@: confused, mighty
A: no striking features
a: Evoke Flight


You were on level 4 of the Dungeon.
You were very hungry.

You visited 1 branch of the dungeon, and saw 4 of its levels.

You collected 140 gold pieces.

Inventory:

Hand Weapons
 a - a +0 war axe (weapon)
Armour
 c - a +0 shield (worn)
 l - a +0 chain mail (worn)
Jewellery
 q - a ring of flight (left hand)
Wands
 b - a wand of acid (9)
 o - a wand of paralysis (4)
Scrolls
 e - a scroll of teleportation {unknown}
 g - 6 scrolls of identify
 h - 4 scrolls of remove curse {unknown}
 j - a scroll of random uselessness {unknown}
 n - 3 scrolls of fog {unknown}
 r - a scroll of magic mapping {unknown}
Potions
 i - a potion of heal wounds {unknown}
 k - a potion of magic {unknown}
 p - a potion of haste {unknown}
Comestibles
 f - 9 rations


   Skills:
 + Level 4.2 Fighting
 + Level 4.7 Axes
 + Level 4.0 Armour
 + Level 0.9 Dodging
 + Level 4.2 Shields
 * Level 1.4 Evocations


You had 4 spell levels left.
You didn't know any spells.
Your spell library was empty.

Dungeon Overview and Level Annotations

Branches:
Dungeon (4/15)
 Temple: D:4-7

Altars:
Ashenzari
Hepliaklqana
Ru


Message History

You bump into the rock wall.
The iguana bites you.
* * * LOW HITPOINT WARNING * * *
Something hits you but does no damage.
You bump into the rock wall.
The iguana bites you!
* * * LOW HITPOINT WARNING * * *
You hear some strange, mumbled words.
You are more confused.
You're too confused to move!
You feel less invigorated. The iguana bites you.
* * * LOW HITPOINT WARNING * * *
Something hits you but does no damage.
You closely miss something. You slash the iguana!
An orc wizard appears from thin air!
Reactivating autopickup.
The iguana hisses menacingly.
The iguana closely misses you.
The orc wizard hits you but does no damage.
The iguana bites you but does no damage.
The orc wizard hits you but does no damage.
You bump into the rock wall.
The iguana bites you.
You die...

#....# ....#
#...### #.....# .
###.....# ..
.......###...
##### #.#.......#
#....##@.....#
#...†#ol#...# #
#)..##...##
..#########....#
....#.......##.#
...............#
.................
.##.#.....##.(#.#
#..............


You could see an iguana and an orc wizard.

Vanquished Creatures
  A bullfrog zombie (D:3)
  A bullfrog skeleton (D:4)
  2 adders
  2 oozes
  An adder skeleton (D:4)
  3 dart slugs
  2 worms (D:3)
  3 leopard geckos
  3 orcs
  3 giant cockroaches (D:3)
  9 hobgoblins
  8 jackals
  10 kobolds
  A ball python (D:2)
  6 bats
  4 frilled lizards
  9 goblins
  4 rats
72 creatures vanquished.

Notes
Turn   | Place    | Note
-------+----------+-------------------------------------------
     0 | D:1      | Error4North the Hill Orc Fighter began the quest for the
                  | Orb.
     0 | D:1      | Reached XP level 1. HP: 19/19 MP: 1/1
   138 | D:1      | Reached XP level 2. HP: 19/27 MP: 2/2
   547 | D:1      | Reached XP level 3. HP: 33/33 MP: 3/3
  1106 | D:2      | Reached XP level 4. HP: 39/40 MP: 4/4
  1781 | D:3      | Found a sacrificial altar of Ru.
  1783 | D:3      | Found a shattered altar of Ashenzari.
  1811 | D:3      | Reached XP level 5. HP: 46/46 MP: 5/5
  2193 | D:4      | Found a hazy altar of Hepliaklqana.
  2230 | D:4      | Reached skill level 1 in Evocations
  2309 | D:4      | Slain by an iguana

Levels and vault maps discovered:
D:1:      lightli_arrival_maybe_door_vault, layout_loops_ring
D:2:      layout_basic, first_ration
D:3:      layout_basic, chequers_temple_overflow_statue_of_worship
D:4:      layout_rooms, lemuel_round_altar, minmay_manual_monstrance

Skill      XL: |  1  2  3  4  5 |
---------------+----------------+-----
Fighting       | 4 |  4.2
Axes           | 3 4 |  4.7
Armour         | 4 |  4.0
Shields        | 4 |  4.2
Evocations     | 1 |  1.4
Dodging        | |  0.9

Action                   |  1- 3 |  4- 6 || total
-------------------------+-------+-------++-------
Melee: War axe           |   123 |   155 ||   278
  Use: Potion            |       |     3 ||     3
       Scroll            |       |     1 ||     1
  Eat: Chunk             |     1 |     3 ||     4
Armor: Scale mail        |    61 |    24 ||    85
       Chain mail        |       |    71 ||    71
Dodge: Dodged            |    42 |    31 ||    73
Block: Shield            |    84 |    82 ||   166

Table legend:
 A = Non-vault XP
 B = Vault XP
 C = Vault XP percentage of total XP
 D = Non-vault monster count
 E = Vault monster count
 F = Vault count percentage of total count
                 A         B        C        D         E       F
            +---------+---------+-------+---------+---------+-------
      Total |     250 |       7 |   2.7 |      71 |       1 |   1.4
            +---------+---------+-------+---------+---------+-------
        D:1 |      35 |       0 |   0.0 |      18 |       0 |   0.0
        D:2 |      69 |       0 |   0.0 |      31 |       0 |   0.0
        D:3 |      93 |       0 |   0.0 |      17 |       0 |   0.0
        D:4 |      53 |       7 |  11.7 |       5 |       1 |  16.7
            +---------+---------+-------+---------+---------+-------
